 Dungeon Crawl Stone Soup version 0.17-a0-1731-g129c023 (webtiles) character file.

702 Goblin1989 the Changer (level 7, -7/33 HPs)
             Began as a Felid Transmuter on Aug 29, 2015.
             Was a Believer of Elyvilon.
             Shot with an arrow by a centaur (13 damage)
             ... on level 7 of the Dungeon.
             The game lasted 00:36:06 (6869 turns).

Goblin1989 the Changer (Felid Transmuter)           Turns: 6869, Time: 00:36:06

Health: -7/33      AC:  2    Str:  6    XL:     7   Next: 39%
Magic:  20/20      EV: 13    Int: 17    God:    Elyvilon [**....]
Gold:   291        SH:  0    Dex: 16    Spells: 3 memorised, 3 levels left
                                        Lives:  0   Deaths: 2

rFire  . . .     SeeInvis +       - Unarmed
rCold  . . .     Clarity  +     (armour unavailable)
rNeg   . . .     SustAt   .     (shield unavailable)
rPois  .         Gourm    .     (helmet unavailable)
rElec  .         Spirit   .     (cloak unavailable)
rCorr  .         Warding  .     (gloves unavailable)
rMut   .         Stasis   .     (boots unavailable)
MR     +....                    l - amulet of clarity
Stlth  ++++......               (no ring)
                                j - ring of magical power

@: quick, somewhat resistant to hostile enchantments, stealthy
A: no armour, no weapons or thrown items, claws 1, fangs 3, horns 1, see
invisible, carnivore 3, speed 1, shaggy fur 2, slow metabolism 1, sharp paws
a: Lesser Healing, Divine Protection, Heal Other, Renounce Religion


You were on level 7 of the Dungeon.
You worshipped Elyvilon.
Elyvilon was pleased with you.
You were completely stuffed.

You visited 2 branches of the dungeon, and saw 8 of its levels.

You collected 291 gold pieces.

Inventory:

Jewellery
 j - a ring of magical power (left paw)
 l - an amulet of clarity (around neck)
Magical devices
 o - a wand of lightning (6)
Scrolls
 h - 4 scrolls of remove curse
 k - 2 scrolls of identify
 m - a scroll of teleportation
Potions
 e - a potion of ambrosia
 g - a potion of heal wounds
 p - 2 potions of agility
Books
 b - a book of Changes

   Spells                             Type                      Level
   a - Beastly Appendage              Transmutation                1
   b - Sticks to Snakes               Transmutation                2
   c - Spider Form                    Transmutation/Poison         3
   d - Ice Form                       Ice/Transmutation            4
   e - Blade Hands                    Transmutation                5
 f - a book of Burglary

   Spells                             Type                      Level
   a - Swiftness                      Charms/Air                   2
   b - Passwall                       Transmutation/Earth          3
   c - Passage of Golubria            Translocation                4
   d - Lee's Rapid Deconstruction     Earth                        5
   e - Darkness                       Hexes                        6
   f - Invisibility                   Hexes                        6
Comestibles
 a - a chunk of flesh
 c - 10 meat rations
 d - a beef jerky
 i - 3 slices of pizza
 n - a royal jelly


   Skills:
 - Level 4.4 Fighting
 - Level 2.6 Dodging
 - Level 5.1 Stealth
 - Level 4.8 Unarmed Combat
 - Level 2.0 Spellcasting
 - Level 5.4 Transmutations
 + Level 4.9 Ice Magic


You had 3 spell levels left.
You knew the following spells:

 Your Spells              Type           Power        Failure   Level  Hunger
a - Beastly Appendage     Trmt           ###...       2%          1    #......
b - Sticks to Snakes      Trmt           ###.......   3%          2    ###....
c - Ice Form              Ice/Trmt       ###.....     24%         4    #####..


Dungeon Overview and Level Annotations

Branches:
Dungeon (7/15)             Temple (1/1) D:6

Altars:
Ashenzari
Cheibriados
Elyvilon
Fedhas
Gozag
Kikubaaqudgha
Makhleb
Nemelex Xobeh
Okawaru
Qazlal
Ru
Sif Muna
Trog
Vehumet
Xom
Yredelemnul
Zin
The Shining One

Annotations:
D:6 Edmund
D:7 Dowan


Innate Abilities, Weirdness & Mutations

You cannot wear armour.
You are incapable of wielding weapons or throwing items.
You have sharp claws.
You have razor-sharp teeth.
You have supernaturally acute eyesight.
You are carnivorous and can eat meat at any time.
You cover ground quickly.
You are covered in thick fur (AC +2).
You have a slow metabolism.
Your sharp claws are effective at attacking unaware monsters.
You have a pair of small horns on your head.


Message History

2 tomahawks; a dagger
There is a stone staircase leading down here.
You climb downwards.
Level annotation: Dowan An iguana, a water moccasin, a black bear, an orc and a centaur come into view.
The centaur shouts! x2
The centaur wields a shortbow.
The centaur shoots an arrow of frost.
The arrow of frost hits you! The arrow of frost freezes you.
The centaur shoots an arrow of frost.
The arrow of frost misses you.
The centaur wields a shortbow.
The centaur shoots an arrow.
The arrow hits you!
* * * LOW HITPOINT WARNING * * *
Found five items.
An orc warrior comes into view. It is wielding a war axe.
There is a stone staircase leading up, spattered with blood here.
You see here an arrow.
The water moccasin hisses angrily.
The orc warrior shouts!
The black bear growls angrily.
The centaur shoots an arrow of frost.
The arrow of frost barely misses you.
The centaur shoots an arrow.
The arrow hits you!
You die...

....#.#
#...#.# #
..$...# .#.
......## ....
##......
##..#.l...#
#....$S(..#
#@h..#
≈≈≈≈≈≈≈≈≈≈.#
≈≈≈≈≈≈≈≈≈≈##
≈≈≈≈≈≈≈≈≈≈#
≈≈≈≈≈≈≈≈≈≈[
≈≈≈≈≈≈≈≈≈≈.o
≈≈.cc≈≈≈≈≈..o
≈≈...≈≈≈≈≈...!
≈≈c..≈≈≈≈≈.


You could see an orc warrior, a water moccasin, a black bear, 2 centaurs, an
iguana and an orc (wandering).

Vanquished Creatures
  A hungry ghost (D:7)
  A sky beast (D:6)
  An ice beast (D:5)
  A centaur (D:6)
  A phantom (D:4)
  3 giant frogs (D:6)
  2 scorpions
  2 hounds
  An orc priest (D:5)
  2 iguanas (D:4)
  4 orc wizards
  A worker ant (D:4)
  A hound skeleton (D:4)
  5 adders
  3 gnolls (D:3)
  An ooze (D:3)
  An adder skeleton (D:6)
  An adder zombie (D:6)
  A worm (D:4)
  4 giant geckos
  17 orcs
  2 ball pythons
  6 bats
  5 hobgoblins
  7 jackals
  9 kobolds
  A quokka (D:5)
  A giant cockroach (D:4)
  6 giant newts
  6 goblins
  A jackal zombie (D:6)
  A quokka skeleton (D:6)
  4 rats
103 creatures vanquished.

Vanquished Creatures (collateral kills)
  Grinder (D:5)
  3 orcs
4 creatures vanquished.

Vanquished Creatures (others)
  A kobold (D:2)
1 creature vanquished.

Grand Total: 108 creatures vanquished

Notes
Turn   | Place    | Note
--------------------------------------------------------------
     0 | D:1      | Goblin1989 the Felid Transmuter began the quest for the Orb.
     0 | D:1      | Reached XP level 1. HP: 9/9 MP: 4/4
    33 | D:1      | Reached skill level 1 in Stealth
   216 | D:1      | Reached XP level 2. HP: 12/12 MP: 4/6
   220 | D:1      | Learned a level 2 spell: Sticks to Snakes
  1059 | D:2      | Found a radiant altar of Vehumet.
  1085 | D:2      | Reached XP level 3. HP: 13/15 MP: 4/7
  1570 | D:2      | Gained mutation: You have a pair of small horns on your head. [potion of beneficial mutation]
  1598 | D:3      | Found a shattered altar of Ashenzari.
  1983 | D:3      | Found a white marble altar of Elyvilon.
  1997 | D:3      | Became a worshipper of Elyvilon the Healer
  2472 | D:3      | Reached XP level 4. HP: 16/19 MP: 8/8
  3006 | D:4      | Reached skill level 4 in Stealth
  3006 | D:4      | Reached XP level 5. HP: 16/22 MP: 9/9
  3012 | D:4      | Learned a level 4 spell: Ice Form
  3179 | D:4      | Acquired Elyvilon's first power
  3213 | D:4      | Found a deep blue altar of Sif Muna.
  3214 | D:4      | Found a sparkling altar of Nemelex Xobeh.
  3215 | D:4      | Found a shattered altar of Ashenzari.
  3216 | D:4      | Found a blossoming altar of Fedhas.
  3216 | D:4      | Found a glowing golden altar of the Shining One.
  3216 | D:4      | Found a sacrificial altar of Ru.
  3270 | D:4      | Noticed a phantom
  3454 | D:4      | Reached skill level 1 in Ice Magic
  3464 | D:4      | Gained mutation: You are covered in thick fur (AC +2). [Felid growth]
  3464 | D:4      | Reached XP level 6. HP: 24/26 MP: 10/10
  3841 | D:4      | Killed a phantom
  4093 | D:5      | Entered Level 5 of the Dungeon
  4293 | D:5      | Acquired Elyvilon's second power
  4319 | D:5      | Noticed Grinder
  4408 | D:5      | Reached skill level 5 in Stealth
  5133 | D:6      | Found a staircase to the Ecumenical Temple.
  5145 | Temple   | Entered the Ecumenical Temple
  5411 | D:6      | Reached XP level 7. HP: 26/30 MP: 11/11
  5485 | D:5      | Elyvilon protects you from harm!
  5487 | D:5      | Slain by an ice beast
  5488 | D:5      | Reached XP level 6. HP: -1/27 MP: 19/19
  5547 | D:5      | Killed Grinder
  5547 | D:5      | Reached skill level 5 in Transmutations
  5621 | D:5      | Elyvilon protects you from harm!
  5625 | D:5      | Was placed under penance by Elyvilon
  6006 | D:6      | Reached XP level 7. HP: 22/31 MP: 11/11
  6389 | D:6      | Slain by a sky beast
  6390 | D:6      | Reached XP level 6. HP: -1/28 MP: 19/19
  6461 | D:6      | Noticed Edmund
  6513 | D:7      | Was forgiven by Elyvilon
  6514 | D:7      | Noticed a hungry ghost
  6516 | D:7      | Found an iron altar of Okawaru.
  6517 | D:7      | Noticed Dowan
  6531 | D:7      | Killed a hungry ghost
  6531 | D:7      | Reached XP level 7. HP: 16/32 MP: 11/11
  6822 | D:6      | Found a stormy altar of Qazlal.
  6868 | D:7      | Noticed a water moccasin
  6869 | D:7      | Shot with an arrow by a centaur

Vault maps used:
D:1:      saegor_arrival_simple_c
D:2:      fiery_altar_vehumet, first_bread
D:3:      elyvilon_altar_1, ashenzari_altar_1
D:4:      grunt_temple_overflow_open
D:5:      uniq_grinder
D:6:      nicolae_dithmenos_the_darkroom, nicolae_qazlal_eye_of_the_storm,
          minmay_temple_entry_glassed_door, uniq_edmund
D:7:      nicolae_whirlpool, overflow_temple_1_default, uniq_duvessa
Temple:   minmay_temple_bridge_a_8

Action                   |  1- 3 |  4- 6 |  7- 9 || total
-------------------------+-------+-------+-------++-------
Melee: Unarmed           |   115 |   179 |    74 ||   368
 Cast: Beastly Appendage |    24 |       |       ||    24
       Sticks to Snakes  |     1 |    17 |     5 ||    23
Invok: Divine Protection |       |     1 |       ||     1
  Use: Scroll            |     6 |     5 |     2 ||    13
       Potion            |     3 |     1 |     1 ||     5
 Stab: Sleeping          |     9 |    15 |     4 ||    28
       Distracted        |       |     1 |       ||     1
  Eat: Chunk             |    10 |     6 |    12 ||    28
